 Dungeon Crawl Stone Soup version 0.29-a0-284-gf9362112df (webtiles) character file.

Game seed: 17914476103791458689

2459 siradein the Quickloader (level 9, 0/84 HPs)
             Began as a Kobold Hunter on Mar 15, 2022.
             Slain by a scorpion (2 damage)
             ... summoned by Amaemon
             ... on level 8 of the Dungeon.
             The game lasted 00:26:12 (8921 turns).

siradein the Quickloader (Kobold Hunter)            Turns: 8921, Time: 00:26:12

Health: 0/84       AC: 24    Str:  8    XL:     9   Next: 79%
Magic:  18/18      EV:  3    Int: 14    God:
Gold:   205        SH:  0    Dex: 19    Spells: 8/8 levels left

rFire   . . .      SeeInvis .   a - +0 arbalest
rCold   . . .      Faith    .   (shield currently unavailable)
rNeg    . . .      Spirit   .   (body armour currently unavailable)
rPois   +          Reflect  .   (helmet currently unavailable)
rElec   .          Harm     .   (cloak currently unavailable)
rCorr   .          Rampage  .   (gloves currently unavailable)
Will    .....      NoTele   +   (boots currently unavailable)
Stlth   +++++.....              v - amulet of regeneration
HPRegen 1.04/turn               B - ring of magical power
MPRegen 0.16/turn               (no ring)

@: lethally poisoned (0 -> 0), tree-form
A: stationary, stasis, torment immunity, boosted hp, small, no large weapons,
nightstalker 3
a: no special abilities


You were on level 8 of the Dungeon.
You were a tree.
You visited 2 branches of the dungeon, and saw 9 of its levels.

You collected 394 gold pieces.
You spent 189 gold pieces at shops.

Inventory:

Hand Weapons
 a - a +0 arbalest (weapon)
 b - a +1 short sword of protection
Missiles
 m - 4 poisoned darts
Armour
 f - a +0 pair of gloves (melded)
 g - a +2 pair of boots (melded)
 i - a +0 leather armour (melded)
 w - a +0 helmet of see invisible (melded)
Jewellery
 v - an amulet of regeneration (around neck)
 B - a ring of magical power (left branch)
 C - an amulet of faith
Wands
 d - a wand of digging (6)
Scrolls
 c - a scroll of immolation
 h - a scroll of summoning
 j - 2 scrolls of teleportation
 k - 2 scrolls of blinking
 l - 4 scrolls of magic mapping {unknown}
 o - a scroll of noise {unknown}
 y - a scroll of enchant weapon {unknown}
 z - a scroll of silence {unknown}
 A - 2 scrolls of fear {unknown}
 D - a scroll of enchant armour {unknown}
 E - a scroll of torment {unknown}
 I - a scroll of identify
Potions
 e - 2 potions of might
 n - a potion of ambrosia
 p - 4 potions of mutation
 r - 2 potions of haste
 s - a potion of cancellation
 u - a potion of resistance
 x - a potion of heal wounds {unknown}
 F - a potion of invisibility {unknown}
 G - a potion of attraction {unknown}
 H - a potion of berserk rage {unknown}


   Skills:
 + Level 6.4 Fighting
 + Level 6.8 Short Blades
 + Level 8.9 Crossbows
 + Level 1.8 Armour
 + Level 6.9 Dodging
 + Level 8.0 Stealth


You had 8 spell levels left.
You didn't know any spells.
Your spell library contained the following spells:

 Spells                   Type           Power      Damage    Failure   Level
 Summon Guardian Golem    Hex/Summ       0%         N/A       65%         3
 Tukima's Dance           Hex            0%         N/A       65%         3
 Anguish                  Hex/Necr       0%         N/A       96%         4
 Enfeeble                 Hex            0%         N/A       100%        7
 Orb of Destruction       Conj           0%         9d5       100%        7
 Spellforged Servitor     Conj/Summ      0%         N/A       100%        7


Dungeon Overview and Level Annotations

Branches:
Dungeon (8/15)             Temple (1/1) D:5
   Lair: D:8-11

Altars:
Ashenzari
Cheibriados
Dithmenos
Elyvilon
Fedhas
Gozag
Hepliaklqana
Kikubaaqudgha
Makhleb
Nemelex Xobeh
Qazlal
Sif Muna
Uskayaw
Vehumet
Wu Jian
Xom
Yredelemnul
Zin
The Shining One
Ignis

Shops:
D:1 :   D:2 [=?!   D:3 *

Annotations:
D:8 Amaemon


Innate Abilities, Weirdness & Mutations

You are a tree.
Your roots penetrate the ground, keeping you stationary.
You cannot be teleported.
You are immune to unholy pain and torment.
Your maximum health is greatly increased.
Your equipment is partially melded.
You are small and have problems with some larger weapons.
You are completely attuned to the shadows.


Message History

Your +0 helmet of see invisible melds into your body.
Your +0 pair of gloves melds into your body.
Your +2 pair of boots melds into your body.
Your +0 leather armour melds into your body.
You feel less perceptive.
Your roots penetrate the ground.
You feel very sick. Amaemon hits you but does no damage.
Amaemon claws you but does no damage.
Amaemon tail-slaps you but does no damage.
Shoot: a) +0 arbalest
Press: ? - help, Q - select action, (/) - cycle Shift-Dir - straight line, f - Amaemon
Aim: Amaemon, wielding a +1 demon whip of venom (heavily wounded, 60% to hit)
You shoot a bolt. The bolt closely misses Amaemon.
You feel very sick.
You hear a screech!
Amaemon mumbles some strange words.
Shoot: a) +0 arbalest
Press: ? - help, Q - select action, (/) - cycle Shift-Dir - straight line, f/p - Amaemon
Aim: Amaemon, wielding a +1 demon whip of venom (heavily wounded, 60% to hit)
You shoot a bolt. The bolt hits Amaemon!
Amaemon is heavily wounded.
You feel sick.
Amaemon hits you with a +1 demon whip of venom!
* * * LOW HITPOINT WARNING * * *
Amaemon claws you.
* * * LOW HITPOINT WARNING * * *
Amaemon tail-slaps you but does no damage.
The scorpion barely misses you. Amaemon hits you but does no damage.
Amaemon claws you but does no damage.
Amaemon tail-slaps you but does no damage.
Shoot: a) +0 arbalest
Press: ? - help, Q - select action, (/) - cycle Shift-Dir - straight line, f/p - Amaemon
Aim: Amaemon, wielding a +1 demon whip of venom (heavily wounded, 60% to hit)
You shoot a bolt. The bolt hits Amaemon!
Amaemon is severely wounded.
You feel sick. The scorpion barely misses you.
The scorpion stings you but does no damage.
Amaemon hits you but does no damage. Amaemon claws you but does no damage.
Amaemon tail-slaps you but does no damage.
The scorpion stings you.
You die...

........##..## ####
.............#######..#
.##....#.#.......#...#### ....
####...#....##........#
............................###
......##...##.####<.............
.#...#....##
#..§.#....>.......#.
.#..>...#########.#........###.#
.....#..........♣s...... .#
##.## .#......#.......s6.#....
.##.... ......#..####.###.##...
...[... ##....##..###..........
.##.... ##.#........#.###.###..
....... ##.#..###.#...# #.#
###.... .#....# #.##..# #.##
#.... ..##..###.##..###..# #....
...............###.### ##.##


You could see Amaemon and 2 scorpions.

Vanquished Creatures
  Sigmund (D:5)
  Eustachio (D:3)
  2 orc warriors (D:7)
  2 ice beasts
  A black bear (D:3)
  2 ogres
  A centaur (D:5)
  2 phantoms
  A gnoll sergeant (D:7)
  2 bullfrogs
  2 scorpions (D:5)
  A necrophage (D:5)
  5 howler monkeys
  A hound (D:5)
  2 orc priests
  2 iguanas (D:4)
  A jelly (D:6)
  7 orc wizards
  Robin (D:4)
  11 gnolls
  11 adders
  3 shadow imps
  A white imp (D:6)
  An ufetubus (D:6)
  4 worms
  A dart slug (D:2)
  22 orcs
  7 ball pythons
  7 endoplasms
  A giant cockroach (D:2)
  19 goblins
  10 hobgoblins
  3 jackals (D:4)
  4 quokkas
  11 bats
  4 frilled lizards
  10 kobolds
  5 rats
172 creatures vanquished.

Vanquished Creatures (others)
  14 plants
14 creatures vanquished.

Grand Total: 186 creatures vanquished

Notes
Turn   | Place    | Note
-------+----------+-------------------------------------------
     0 | D:1      | siradein the Kobold Hunter began the quest for the Orb.
     0 | D:1      | Reached XP level 1. HP: 12/12 MP: 1/1
   148 | D:1      | Found Cyunkoist's Book Emporium.
   153 | D:1      | Reached XP level 2. HP: 18/18 MP: 2/2
   768 | D:1      | Reached XP level 3. HP: 22/22 MP: 3/3
   972 | D:2      | Found Yshicaed's Jewellery Boutique.
  1010 | D:2      | Found Gidygis's Magic Scroll Emporium.
  1015 | D:2      | Bought 2 scrolls of identify for 40 gold pieces
  1079 | D:2      | Found Ycaka's Armour Shop.
  1342 | D:2      | Reached skill level 1 in Short Blades
  1342 | D:2      | Reached XP level 4. HP: 27/27 MP: 4/4
  1911 | D:2      | Found Nenobu's Distillery.
  2054 | D:3      | Reached XP level 5. HP: 32/32 MP: 5/5
  2176 | D:3      | Found an opulent altar of Gozag.
  3097 | D:3      | Found Uminiz's Assorted Antiques.
  3197 | D:4      | Reached XP level 6. HP: 18/37 MP: 6/6
  3430 | D:4      | Noticed a black bear
  3606 | D:4      | Noticed Eustachio
  3930 | D:3      | Killed Eustachio
  3931 | D:3      | Reached XP level 7. HP: 34/43 MP: 7/7
  4194 | D:4      | Reached skill level 5 in Stealth
  4622 | D:2      | Bought a +0 helmet of see invisible for 149 gold pieces
  4711 | D:4      | Noticed Robin
  4727 | D:4      | Killed Robin
  5090 | D:4      | Found a broken altar of Ashenzari.
  5338 | D:4      | Found a basalt altar of Yredelemnul.
  5387 | D:5      | Entered Level 5 of the Dungeon
  5547 | D:5      | Reached skill level 5 in Dodging
  5547 | D:5      | Reached XP level 8. HP: 48/48 MP: 8/8
  5713 | D:5      | Reached skill level 5 in Fighting
  5813 | D:5      | Reached skill level 5 in Short Blades
  5845 | D:5      | Found a glowing golden altar of the Shining One.
  5947 | D:5      | Found a staircase to the Ecumenical Temple.
  5953 | Temple   | Entered the Ecumenical Temple
  6277 | D:5      | Noticed Sigmund
  6294 | D:5      | Killed Sigmund
  6879 | D:4      | Reached XP level 9. HP: 54/54 MP: 9/9
  6917 | D:4      | Found a basalt altar of Yredelemnul.
  7009 | D:4      | Found a broken altar of Ashenzari.
  7177 | D:6      | Found a radiant altar of Vehumet.
  7428 | D:6      | Found a glowing silver altar of Zin.
  7816 | D:6      | Found a blossoming altar of Fedhas.
  7965 | D:7      | Reached skill level 1 in Armour
  8859 | D:8      | Noticed Amaemon
  8863 | D:8      | Noticed an orange demon
  8920 | D:8      | HP: 2/84 [Amaemon/+1 demon whip of venom (5)]
  8921 | D:8      | Slain by a scorpion

Illustrated notes

Levels and vault maps discovered:
D:1:      lemuel_arrival_muddy, layout_basic, serial_shops, nicolae_shop_trees,
          roderic_lattice_a, minivault_19
D:2:      layout_basic, serial_shops, nicolae_shop_crystal, nicolae_square_shop,
          nicolae_shop_trees, nicolae_shop_behind_doors
D:3:      layout_basic, amcnicky_altar_gilded, serial_shops,
          nicolae_shop_overgrown_old_shop
D:4:      layout_gridville, mainiacjoe_overflow_brackets, lemuel_tele_altar,
          uniq_eustachio, uniq_robin
D:5:      layout_loops_cross, nicolae_tso_swordbearing_angel,
          minmay_temple_entry_junction_2, uniq_sigmund
D:6:      layout_cave_pools, fedhas_altar_decomposition, marbit_many_paths,
          general_overflow_altar
D:7:      layout_gridville, chequers_serial_rivers_small_b
D:8:      layout_rooms, uniq_erica, uniq_amaemon, uniq_psyche
Temple:   ebering_untended_altars

Skill      XL: |  1  2  3  4  5  6  7  8  9 |
---------------+----------------------------+-----
Stealth        | 2 3 4 5 6 8 |  8.0
Dodging        | 3 4 5 6 |  6.9
Short Blades   | 1 2 3 4 5 6 |  6.8
Fighting       | 3 4 5 6 |  6.4
Crossbows      | 6 7 8 |  8.9
Armour         | 1 |  1.8

Action                   |  1- 3 |  4- 6 |  7- 9 || total
-------------------------+-------+-------+-------++-------
Melee: Short sword       |       |    17 |   104 ||   121
       Hand crossbow     |       |     1 |       ||     1
       Punch             |       |       |     5 ||     5
 Fire: Hand crossbow     |    70 |   189 |   125 ||   384
       Arbalest          |       |       |   154 ||   154
Throw: Dart              |       |       |     8 ||     8
  Use: Scroll            |     3 |     3 |     5 ||    11
       Potion            |       |       |     3 ||     3
 Stab: Sleeping          |       |       |     2 ||     2
Armor: Leather armour    |    12 |    52 |    79 ||   143
       Skin              |       |       |    11 ||    11
Dodge: Dodged            |    17 |    97 |   309 ||   423

Table legend: (Time is in decaauts)
 A = Elapsed time spent in this place.
 B = Non-inter-level travel time spent in this place.
 C = Inter-level travel time spent in this place.
 D = Time resting spent in this place.
 E = Time spent auto-exploring this place.
 F = Levels seen in this place.
 G = Mean time per level.
                   A        B        C        D        E       F      G
               +--------+--------+--------+--------+--------+-----+--------+
         Total |   9076 |   8755 |    321 |   1070 |   5800 |   9 | 1008.4 |
       Dungeon |   8959 |   8638 |    321 |   1070 |   5709 |   8 | 1119.9 |
        Temple |    116 |    116 |      0 |      0 |     91 |   1 |  116.0 |
               +--------+--------+--------+--------+--------+-----+--------+

Top non-repeatable levels by time:
     D:4: 2008 daAuts
     D:3: 1976 daAuts
     D:2: 1182 daAuts
     D:5: 1034 daAuts
     D:1: 944 daAuts
     D:6: 921 daAuts
     D:7: 695 daAuts
     D:8: 197 daAuts
  Temple: 116 daAuts
